Map: Simulacrum LE

Players

Toastymuffin

  • Race: Zerg Zerg
  • League: Diamond
  • Spawn Location: 11:00

ViBE - Winner!

  • Race: Terran Terran
  • League: Diamond
  • Spawn Location: 5:00

VOD

Have the link to the VOD?

Description

Time

  • Played on: Dec. 23, 2019, 4:13 a.m.
  • Length: 16:12
Show
View Real Time Build Order
Export as new Build Order

Toastymuffin Zerg 

Build Orders: Hatch First, Muta Ling Bane 

Get SALT Encoding   

  12  0:01  Drone  
  13  0:08  Drone  
  14  0:18  Overlord  
  14  0:37  Drone x2  
  16  0:50  Hatchery  
  16  0:54  Drone  
  16  0:57  Drone  
  17  1:12  Extractor  
  17  1:15  Spawning Pool  
  17  1:17  Drone  
  16  1:20  Drone  
  17  1:27  Drone  
  18  1:37  Drone  
  19  1:44  Overlord  
  19  2:03  Zergling x4  
  19  2:05  Queen x2  
  25  2:10  Drone  
  25  2:14  Metabolic Boost  
  26  2:20  Drone  
  26  2:21  Drone  
  28  2:29  Drone x2  
  30  2:48  Hatchery  
  29  2:55  Queen  
  31  3:04  Drone  
  31  3:11  Drone x4  
  35  3:16  Overlord  
  35  3:21  Overlord  
  35  3:32  Baneling Nest  
  34  3:52  Zergling x12  
  40  4:00  Queen  
  42  4:05  Drone x3  
  42  4:06  Drone x2  
  42  4:08  Lair  
  47  4:14  Spore Crawler  
  46  4:22  Baneling x2  
  46  4:23  Baneling x3  
  46  4:25  Zergling x8  
  50  4:35  Drone x5  
  55  4:42  Overlord  
  55  4:43  Overlord  
  55  4:47  Overlord  
  55  4:57  Drone x3  
  58  5:09  Centrifical Hooks  
  58  5:12  Baneling x2  
  58  5:14  Drone  
  58  5:15  Drone x6  
  65  5:26  Zergling x16  
  70  5:37  Baneling x2  
  70  5:43  Evolution Chamber x2  
  65  5:56  Drone x3  
  65  5:57  Drone  
  69  5:58  Drone x3  
  69  6:00  Drone  
  69  6:02  Extractor  
  69  6:03  Extractor  
  71  6:08  Extractor  
  71  6:09  Extractor  
  71  6:10  Zerg Melee Weapons Level 1  
  69  6:12  Extractor  
  68  6:21  Drone x9  
  68  6:22  Drone  
  77  6:26  Overlord x4  
  77  6:30  Zergling x2  
  77  6:31  Zergling x2  
  79  6:35  Hatchery  
  79  6:36  Baneling  
  79  6:37  Baneling x2  
  79  6:39  Zergling x2  
  80  6:40  Zergling x4  
  80  6:43  Overlord  
  80  6:45  Zergling x4  
  83  6:48  Baneling  
  83  6:55  Zergling x10  
  88  7:01  Zergling x6  
  88  7:04  Baneling x4  
  87  7:16  Drone x4  
  87  7:17  Drone  
  87  7:20  Spore Crawler  
  87  7:22  Spore Crawler, Zerg Ground Armor Level 1  
  90  7:26  Drone  
  90  7:27  Drone x2  
  92  7:30  Zergling x2  
  93  7:40  Drone x2  
  89  7:53  Spire  
  89  7:57  Zergling x2  
  89  7:58  Zergling x20  
  99  8:06  Hatchery  
  99  8:07  Extractor  
  99  8:08  Extractor  
  99  8:10  Baneling x4  
  99  8:11  Baneling x3  
  96  8:16  Drone x3  
  96  8:17  Drone x3  
  96  8:19  Zergling x8  
  106  8:24  Zerg Melee Weapons Level 2  
  106  8:27  Zergling x14  
  106  8:28  Zergling x4  
  110  8:43  Zergling x4  
  110  8:44  Zergling x10  
  117  8:51  Hatchery  
  117  8:52  Overlord x4  
  116  8:56  Drone x4  
  116  8:57  Drone x2  
  122  9:07  Mutalisk x2  
  126  9:12  Spore Crawler  
  126  9:16  Hatchery  
  124  9:17  Drone x3  
  124  9:18  Drone  
  124  9:19  Drone x2, Zerg Flyer Weapons Level 1  
  124  9:21  Drone  
  124  9:22  Drone x4  
  135  9:24  Mutalisk  
  135  9:29  Zerg Ground Armor Level 2  
  137  9:37  Zergling x2  
  137  9:38  Zergling x12  
  144  9:42  Baneling x9  
  144  9:49  Mutalisk  
  144  9:50  Mutalisk x3  
  152  10:05  Zergling x28  
  156  10:14  Mutalisk x4  
  156  10:15  Mutalisk  
  166  10:24  Mutalisk x2  
  166  10:26  Overlord x3  
  166  10:27  Overlord x2  
  170  10:35  Infestation Pit  
  169  10:36  Overlord x2  
  169  10:37  Mutalisk x3  
  175  10:46  Baneling  
  175  10:47  Baneling x7  
  175  10:57  Zergling x28  
  187  11:07  Zergling x2  
  187  11:08  Zergling x22  
  187  11:10  Baneling  
  187  11:11  Baneling x10  
  117  11:30  Baneling  
  117  11:31  Baneling x15  
  112  11:33  Zergling x18  
  112  11:34  Zergling x20  
  115  11:47  Zergling x12  
  120  11:55  Extractor  
  120  11:56  Hatchery  
  120  11:57  Extractor  
  120  11:59  Baneling x6  
  117  12:05  Queen  
  117  12:07  Zerg Flyer Weapons Level 2  
  119  12:10  Hive  
  119  12:11  Zergling x8  
  123  12:23  Drone x3  
  123  12:24  Drone x3  
  123  12:27  Mutalisk x3  
  135  12:31  Overseer  
  135  12:36  Overseer  
  135  12:37  Zergling x2  
  135  12:38  Zergling x12  
  142  12:44  Drone x2  
  142  12:45  Drone x3  
  142  12:51  Mutalisk x2  
  150  13:06  Baneling x10  
  150  13:07  Baneling  
  150  13:11  Baneling x2  
  150  13:13  Zergling x26  
  150  13:17  Mutalisk  
  165  13:23  Mutalisk  
  165  13:26  Zergling x20  
  177  13:44  Zergling x4, Extractor  
  177  13:45  Zergling x30, Extractor  
  192  13:48  Mutalisk x2  
  182  14:03  Zergling x28  
  182  14:05  Mutalisk  
  183  14:19  Zergling x16  
  183  14:20  Zergling x12  
  183  14:23  Baneling  
  183  14:24  Baneling x5  
  173  14:40  Baneling x9  
  173  14:41  Mutalisk x3  
  175  14:51  Mutalisk  
  175  14:52  Mutalisk x2  
  169  14:59  Zergling x2  
  169  15:00  Zergling x16  
  167  15:28  Extractor  
  166  15:30  Hatchery  
  166  15:34  Extractor  
Show
View Real Time Build Order
Export as new Build Order

ViBE Terran - Winner!

Build Orders:  

Get SALT Encoding   

  12  0:01  SCV  
  13  0:13  SCV  
  14  0:17  Supply Depot  
  14  0:26  SCV  
  15  0:39  SCV  
  15  0:41  Barracks  
  16  0:44  Refinery  
  16  0:51  SCV  
  17  1:03  SCV  
  18  1:15  SCV  
  19  1:27  SCV  
  19  1:30  Reaper  
  21  1:39  Orbital Command  
  21  1:46  Command Center  
  21  1:54  Supply Depot  
  21  2:02  Barracks Reactor  
  21  2:11  SCV  
  21  2:15  Barracks  
  22  2:23  SCV  
  22  2:29  Factory  
  23  2:30  Refinery  
  23  2:38  SCV  
  23  2:39  Marine x2  
  26  2:50  SCV  
  27  3:01  Marine x2  
  27  3:02  SCV  
  27  3:05  Orbital Command  
  30  3:07  Barracks Tech Lab  
  30  3:14  Starport  
  30  3:15  SCV  
  30  3:17  Factory Reactor  
  31  3:20  Marine  
  31  3:21  Marine  
  31  3:27  SCV  
  35  3:34  SCV  
  35  3:36  Marine  
  35  3:37  Marine  
  35  3:38  Stimpack  
  35  3:39  SCV  
  37  3:46  Supply Depot  
  37  3:47  SCV  
  38  3:51  SCV  
  39  3:59  SCV  
  39  4:01  Marine x2  
  39  4:02  Marine  
  43  4:03  SCV  
  43  4:09  Supply Depot  
  44  4:10  Medivac  
  44  4:11  SCV  
  44  4:13  Medivac  
  44  4:15  SCV  
  50  4:23  SCV  
  51  4:27  Marine x2, SCV, Supply Depot  
  51  4:30  Marine  
  55  4:32  Supply Depot  
  55  4:34  Supply Depot  
  55  4:38  SCV  
  56  4:39  SCV  
  57  4:46  Marine x2  
  57  4:48  Marine  
  57  4:50  SCV  
  61  4:58  SCV  
  62  5:02  SCV, Command Center  
  62  5:04  Marine x2  
  62  5:06  Marine, Medivac x2  
  70  5:18  Combat Shield  
  70  5:27  Marine  
  70  5:28  Marine x2  
  70  5:31  Engineering Bay  
  70  5:32  Engineering Bay  
  70  5:36  Barracks  
  70  5:37  SCV x2, Barracks  
  70  5:38  Barracks  
  72  5:45  Marine x2  
  67  5:53  Refinery  
  67  5:54  Marine, Refinery  
  68  5:57  Factory Tech Lab  
  68  5:59  Terran Infantry Weapons Level 1, Terran Infantry Armor Level 1  
  68  6:03  Marine x2  
  70  6:06  SCV x2  
  72  6:18  Command Center  
  72  6:25  Barracks Reactor x2, Armory  
  72  6:27  Barracks Reactor  
  72  6:28  Marine x2  
  72  6:30  Marine  
  75  6:48  Marine x3  
  75  6:49  Siege Tank  
  81  6:58  SCV x2  
  83  7:06  Marine x3  
  86  7:10  SCV  
  86  7:14  Marine x4  
  86  7:15  Medivac x2  
  92  7:16  SCV  
  95  7:24  SCV  
  95  7:28  SCV  
  97  7:30  Orbital Command  
  97  7:31  SCV  
  97  7:36  Marine, SCV  
  97  7:37  Marine x8  
  100  7:40  SCV  
  100  7:41  Siege Tank  
  112  7:52  SCV  
  112  7:53  SCV  
  112  7:54  Marine  
  112  7:55  Marine  
  116  8:01  Terran Infantry Weapons Level 2, Terran Infantry Armor Level 2  
  116  8:15  Supply Depot  
  116  8:21  Supply Depot  
  116  8:31  Marine  
  116  8:34  SCV x3  
  116  8:38  Planetary Fortress  
  116  8:39  Supply Depot  
  114  8:43  Marine  
  114  8:44  Marine x7, Supply Depot  
  114  8:45  Command Center, Siege Tank  
  114  8:46  SCV x3, Medivac  
  130  8:58  SCV x2  
  130  8:59  Supply Depot x2  
  130  9:00  Supply Depot  
  132  9:08  Marine  
  132  9:09  Marine x7  
  140  9:18  Supply Depot  
  140  9:19  SCV x4, Marine, Supply Depot  
  145  9:26  Marine  
  145  9:27  Marine x3  
  145  9:31  SCV x2  
  151  9:38  Marine x5  
  154  9:39  Medivac x2, Siege Tank  
  154  9:44  Marine x4  
  167  9:52  Terran Vehicle Weapons Level 1  
  167  9:55  Marine  
  168  10:06  Marine x8  
  176  10:09  SCV x3, Medivac x2  
  176  10:11  Siege Tank  
  186  10:18  Barracks x2, Refinery x2  
  186  10:19  Barracks  
  186  10:22  Refinery x2  
  185  10:30  Terran Infantry Armor Level 3, Terran Infantry Weapons Level 3  
  185  10:45  Barracks  
  185  10:47  Barracks  
  185  10:48  Barracks  
  185  11:09  Marine  
  185  11:10  Marine x11  
  190  11:11  Siege Tank  
  190  11:12  Medivac x2  
  161  11:27  Marine x2  
  161  11:31  Marine  
  161  11:32  Barracks Reactor x2  
  157  11:33  Marine x6, Barracks Reactor  
  163  11:42  Medivac x2  
  163  11:44  Siege Tank  
  163  11:45  Marine x2  
  139  11:48  Marine  
  139  11:50  Marine  
  139  11:51  SCV x3  
  139  11:52  SCV  
  139  11:53  SCV  
  143  11:56  Marine x4  
  143  11:57  Marine  
  148  12:03  Marine x2  
  148  12:05  Command Center  
  148  12:06  Marine  
  151  12:08  Marine, Terran Vehicle Weapons Level 2  
  151  12:10  Factory, Barracks  
  151  12:11  Barracks x2  
  151  12:15  SCV x2  
  155  12:16  SCV x2  
  155  12:20  Planetary Fortress  
  156  12:27  SCV  
  157  12:33  Barracks Reactor x3  
  157  12:40  Marine x6  
  157  12:43  Command Center  
  163  12:50  Marauder  
  165  12:52  Concussive Shells  
  165  12:57  Factory Tech Lab, Siege Tank  
  168  12:59  Barracks Tech Lab x3  
  168  13:16  Marauder, Siege Tank  
  173  13:29  Siege Tank  
  173  13:31  Marine x15, Marauder x3  
  197  13:37  Neosteel Armor, Hi-Sec Auto Tracking, Marauder  
  199  13:42  Refinery, Orbital Command  
  199  13:43  Refinery  
  163  14:30  Marine x4  
  163  14:31  Marine x6, Marauder  
  172  14:32  Marine x10, Marauder x3  
  172  14:36  Siege Tank x2  
  189  14:48  Marine x4  
  186  14:53  Marauder x3  
  192  15:13  Marauder  
  196  15:14  Marauder  
  196  15:19  Command Center  
  192  15:39  Marine x8, Marauder x4  
Tags
 
Add a new tag
Caveats
  • Supply blocks, unpowered buildings, or Contaminate may cause inaccurate times.
  • Supply counts are checked every 10 seconds.